 Dungeon Crawl Stone Soup version 0.27-a0-1500-g450c7e4133 (webtiles) character file.

Game seed: 10489751066989733788

217 freelancePsychic the Insei (level 5, 0/33 (36) HPs)
             Began as a Vampire Transmuter on July 8, 2021.
             Was an Initiate of Hepliaklqana.
             Slain by a wight (2 damage)
             ... on level 4 of the Dungeon.
             The game lasted 00:05:48 (2500 turns).

freelancePsychic the Insei (Vampire Transmuter)     Turns: 2500, Time: 00:05:48

HP:   0/33 (36)     AC:  2    Str:  9    XL:     5   Next: 61%
MP:   6/8           EV: 20    Int: 16    God:    Hepliaklqana [......]
Gold: 84            SH:  0    Dex: 20    Spells: 4/8 levels left

rFire    . . .     SeeInvis +     - Unarmed
rCold    . . .     Faith    .   (shield currently unavailable)
rNeg     . . .     Spirit   .   (armour currently unavailable)
rPois    x         Reflect  .   (helmet currently unavailable)
rElec    .         Harm     .   (cloak currently unavailable)
rCorr    .         Rampage  .   (gloves currently unavailable)
Will     .....                  (boots currently unavailable)
Stlth    ++........             (no amulet)
HPRegen  0.31/turn              (no ring)
MPRegen  0.11/turn              (no ring)

@: spider-form, healing quickly, drained
A: venomous fangs, alive, tiny, (fangs 3), see invisible, vampiric 2
a: Exsanguinate, End Transformation, Renounce Religion


You were on level 4 of the Dungeon.
You worshipped Hepliaklqana.
Hepliaklqana was noncommittal.
You were a venomous arachnid creature.
You visited 1 branch of the dungeon, and saw 4 of its levels.

You collected 84 gold pieces.

Inventory:

Missiles
 g - 3 throwing nets
Armour
 a - a +0 robe (melded)
Jewellery
 h - a ring of positive energy
Scrolls
 c - a scroll of magic mapping {unknown}
 d - a scroll of fear {unknown}
 e - 4 scrolls of teleportation {unknown}
 f - a scroll of noise {unknown}
Potions
 b - a potion of ambrosia {unknown}
 i - 2 potions of might {unknown}
 j - a potion of heal wounds {unknown}


   Skills:
 + Level 0.8 Fighting
 - Level 2.3 Dodging
 + Level 4.9 Unarmed Combat
 - Level 2.0 Spellcasting
 - Level 4.1 Transmutations
 + Level 0.0 Ice Magic
 - Level 2.5 Poison Magic


You had 4 spell levels left.
You knew the following spells:

 Your Spells              Type           Power      Damage    Failure   Level
a - Beastly Appendage     Tmut           28%        N/A       12%         1
b - Spider Form           Tmut/Pois      6%         N/A       34%         3

Your spell library contained the following spells:

 Spells                   Type           Power      Damage    Failure   Level
 Wereblood                Tmut           14%        N/A       17%         2
 Blink                    Tloc           N/A        N/A       52%         2
 Lesser Beckoning         Tloc           0%         N/A       73%         3
 Ice Form                 Ice/Tmut       8%         N/A       83%         4
 Manifold Assault         Tloc           1%         N/A       100%        5


Dungeon Overview and Level Annotations

Branches:
Dungeon (4/15)
 Temple: D:4-7

Altars:
Hepliaklqana


Innate Abilities, Weirdness & Mutations

You are a venomous arachnid creature.
You have poisonous fangs.
You are tiny and dextrous.
Your spellcasting is less reliable in this form.
Your armour is entirely melded.
You are incapable of wielding weapons or throwing items.
Your natural rate of healing is accelerated.
((You have razor-sharp teeth.))
You have supernaturally acute eyesight. (SInv)
You are afflicted with vampirism and can become a bat while bloodless.


Message History

Confirm with . or Enter, or press ? or * to list all spells.
The spell is quite dangerous to cast (16% risk of failure)!
Continue anyway?
You turn into a venomous arachnid creature.
Your +0 robe melds into your body.
You bite the wight!
The wight is heavily damaged.
The wight closely misses you.
You hit the wight.
The wight is heavily damaged.
The wight hits you from afar with a +0 spear.
The wight barely misses you.
You barely miss the wight.
The wight is heavily damaged.
The wight hits you from afar with a +0 spear.
You feel drained. The wight completely misses you.
You hit the wight but do no damage.
The wight is heavily damaged.
The wight completely misses you. The wight closely misses you.
You hit the wight but do no damage.
The wight is heavily damaged.
The wight barely misses you. The wight completely misses you.
You hit the wight.
The wight is severely damaged.
The wight closely misses you. The wight misses you.
You barely miss the wight.
The wight is severely damaged.
The wight closely misses you. The wight misses you.
You hit the wight.
The wight is almost destroyed.
The wight hits you from afar with a +0 spear!
You completely miss the wight.
The wight is almost destroyed.
The wight barely misses you.
You hit the wight but do no damage.
The wight is almost destroyed.
The wight hits you from afar with a +0 spear.
The wight hits you with a +4 flail!
* * * LOW HITPOINT WARNING * * *
You feel drained.
You die...

########## .........
#.....# #.# .# #)#
.# #z###.# .#
#.zs..# #.# ####..#
#.# #..# #.#
#.####..####.#.#
#.......#... #.#
######.##.####.#
#....#.........#####
#.................<#
####.#......########


You could see 2 wights.

Vanquished Creatures
  2 wights (D:4)
  An orc wizard (D:3)
  4 gnolls (D:3)
  2 adders
  A dart slug (D:1)
  A worm (D:2)
  2 orcs (D:3)
  3 ball pythons
  4 bats
  3 endoplasms (D:1)
  2 giant cockroaches
  5 goblins
  2 hobgoblins
  8 jackals (D:1)
  3 frilled lizards
  3 kobolds
  8 rats
54 creatures vanquished.

Notes
Turn   | Place    | Note
-------+----------+-------------------------------------------
     0 | D:1      | freelancePsychic the Vampire Transmuter began the quest for
                  | the Orb.
     0 | D:1      | Reached XP level 1. HP: 14/14 MP: 3/3
   167 | D:1      | Reached XP level 2. HP: 18/20 MP: 3/5
   210 | D:1      | Found a faded altar of an unknown god.
   635 | D:1      | Reached skill level 1 in Poison Magic
   708 | D:1      | Gained mutation: You are afflicted with vampirism and can
                  | become a bat while bloodless. [Vampire growth]
   708 | D:1      | Reached XP level 3. HP: 25/25 MP: 4/6
   752 | D:1      | Learned a level 3 spell: Spider Form
  1764 | D:3      | Reached XP level 4. HP: 31/31 MP: 4/7
  1858 | D:3      | Found a hazy altar of Hepliaklqana.
  1871 | D:3      | Became a worshipper of Hepliaklqana the Forgotten
  2337 | D:4      | Reached XP level 5. HP: 36/36 MP: 6/8
  2500 | D:4      | Slain by a wight

Illustrated notes

Levels and vault maps discovered:
D:1:      dpeg_arrival_tiny_h, layout_loops_ring, serial_aquarium,
          aquarium_bridge_straight [aquarium_subvault_bridge,
          aquarium_subvault_window, aquarium_subvault_bridge,
          aquarium_subvault_balcony], aquarium_window_fake,
          aquarium_window_corridor_2, aquarium_window_corner, aquarium_window_2,
          aquarium_view_2f, aquarium_view_2b, ebering_ecumenical_altar_ruins
D:2:      layout_loops_cross, serial_glass, glass_columns_b, glass_columns_b,
          glass_columns_a, glass_columns_a
D:3:      layout_loops_corners, mainiacjoe_overflow_tiny_flanked
D:4:      layout_basic, chequers_serial_rivers_small_b, uniq_edmund

Skill      XL: |  1  2  3  4  5 |
---------------+----------------+-----
Poison Magic   | 1 2 |  2.5
Transmutations | 3 4 |  4.1
Unarmed Combat | 4 |  4.9
Fighting       | |  0.8
Dodging        | |  2.3
Spellcasting   | |  2.0

Action                   |  1- 3 |  4- 6 || total
-------------------------+-------+-------++-------
Melee: Unarmed           |   128 |    57 ||   185
       Kick              |    13 |       ||    13
       Headbutt          |     4 |     3 ||     7
       Bite              |    10 |       ||    10
       Punch             |     3 |       ||     3
 Cast: Beastly Appendage |    18 |     3 ||    21
       Spider Form       |     2 |     5 ||     7
 Stab: Sleeping          |     4 |       ||     4
Armor: Robe              |    27 |     1 ||    28
       Skin              |       |     3 ||     3
Dodge: Dodged            |    86 |    50 ||   136

Table legend: (Time is in decaauts)
 A = Elapsed time spent in this place.
 B = Non-inter-level travel time spent in this place.
 C = Inter-level travel time spent in this place.
 D = Time resting spent in this place.
 E = Time spent auto-exploring this place.
 F = Levels seen in this place.
 G = Mean time per level.
                   A        B        C        D        E       F      G
               +--------+--------+--------+--------+--------+-----+--------+
         Total |   2486 |   2434 |     52 |    168 |   1815 |   4 |  621.5 |
       Dungeon |   2486 |   2434 |     52 |    168 |   1815 |   4 |  621.5 |
               +--------+--------+--------+--------+--------+-----+--------+

Top non-repeatable levels by time:
     D:1: 884 daAuts
     D:2: 841 daAuts
     D:3: 593 daAuts
     D:4: 167 daAuts
